[Event "2nd Summer Festival Belgrade GM 2019"]
[Site "Belgrade"]
[Date "2019.06.29"]
[Round "9.1"]
[White "Abramovic, Bosko"]
[Black "Yu, Jennifer"]
[Result "0-1"]
[ECO "A39"]
[WhiteElo "2353"]
[BlackElo "2369"]
[Annotator "ChessBase"]
[PlyCount "98"]
[EventDate "2019.06.25"]
[EventType "tourn"]
[EventCountry "SRB"]
[SourceTitle "playchess.com"]
[Source "ChessBase"]
[SourceQuality "1"]
[TimeControl "5400+30"]

1. Nf3 Nf6 2. g3 g6 3. Bg2 Bg7 4. O-O c5 5. c4 O-O 6. d4 cxd4 7. Nxd4 Nc6 8. Nc3 Nxd4 9. Qxd4 d6 10. Qd3 Nd7 11. b3 Nc5 12. Qd2 a5 13. Bb2 a4 14. Nd5 e6 15. Bxg7 Kxg7 16. Qc3+ f6 17. b4 exd5 18. bxc5 dxc5 19. Bxd5 Qe7 20. e4 h5 21. h4 Rb8 22. Rab1 b6 23. f4 Be6 24. Rfe1 Rfd8 25. f5 Bf7 26. fxg6 Bxg6 27. Rb2 Qe5 28. Qxe5 fxe5 29. Kf2 Rd6 30. Ke3 Rf8 31. Rf2 Rxf2 32. Kxf2 Be8 33. Re3 Rf6+ 34. Rf3 a3 35. Rxf6 Kxf6 36. Ke3 Ba4 37. Bb7 Bb3 38. Ba6 Bxa2 39. Kd2 Bb1 40. Kc3 Bxe4 41. Kb3 Bd3 42. Kxa3 Kf5 43. Bc8+ Ke4 44. g4 hxg4 45. Bxg4 Kf4 46. Be6 e4 47. Kb3 e3 48. Kc3 e2 49. Kd2 Kg3 0-1

[Event "2nd Summer Festival Belgrade GM 2019"]
[Site "Belgrade"]
[Date "2019.06.29"]
[Round "9.3"]
[White "Salimova, Nurgyul"]
[Black "Liu, Zhaoqi"]
[Result "0-1"]
[ECO "C18"]
[WhiteElo "2416"]
[BlackElo "2386"]
[Annotator "RC"]
[PlyCount "102"]
[EventDate "2019.06.25"]
[EventType "tourn"]
[EventCountry "SRB"]
[SourceTitle "playchess.com"]
[Source "ChessBase"]
[SourceQuality "1"]
[TimeControl "5400+30"]

1. e4 e6 2. d4 d5 3. Nc3 Bb4 4. e5 c5 5. a3 Ba5 6. b4 cxd4 7. Nb5 Bc7 8. f4 Bd7 9. Nf3 Bxb5 10. Bxb5+ Nc6 11. O-O Nge7 12. Bd3 a6 13. Qe2 Bb6 14. g4 h5 15. h3 hxg4 16. hxg4 Kd7 17. f5 Qg8 18. Kg2 f6 19. Bf4 exf5 20. gxf5 Re8 21. e6+ Kc8 22. b5 axb5 23. Rab1 g6 24. Rxb5 gxf5+ 25. Kf2 Ng6 26. Qd2 Nxf4 27. Qxf4 Bc7 28. Qxf5 Bg3+ 29. Ke2 Qxe6+ 30. Qxe6+ Rxe6+ 31. Kd1 Rd6 32. Bf5+ Kc7 33. Rg1 Rg8 34. Rh1 Rg7 35. Rh8 b6 36. a4 Be5 37. Ne1 Ne7 38. Bh3 f5 39. Re8 Kd7 40. Ra8 Rg3 41. Nd3 Ke6 42. Bf1 f4 43. Rf8 Ng6 44. Re8+ Kf5 45. a5 bxa5 46. Rb7 Bf6 47. Nf2 f3 48. Bd3+ Kf4 49. Rg8 Ne5 50. Rf8 Ke3 51. Ke1 Nxd3+ 0-1

[Event "2nd Summer Festival Belgrade GM 2019"]
[Site "Belgrade"]
[Date "2019.06.30"]
[Round "10.1"]
[White "Yu, Jennifer"]
[Black "Nandhidhaa, P V"]
[Result "1-0"]
[ECO "E53"]
[WhiteElo "2369"]
[BlackElo "2259"]
[Annotator "ChessBase"]
[PlyCount "113"]
[EventDate "2019.06.25"]
[EventType "tourn"]
[EventCountry "SRB"]
[SourceTitle "playchess.com"]
[Source "ChessBase"]
[SourceQuality "1"]
[TimeControl "5400+30"]

1. Nf3 d5 2. d4 Nf6 3. c4 e6 4. Nc3 Bb4 5. e3 O-O 6. Bd3 dxc4 7. Bxc4 c5 8. a3 Bxc3+ 9. bxc3 Qc7 10. Be2 b6 11. O-O Bb7 12. c4 cxd4 13. exd4 Ng4 14. g3 Qc6 15. d5 Qc8 16. Bb2 Nd7 17. Ng5 Ngf6 18. dxe6 fxe6 19. Bg4 Nc5 20. Qc2 Nfe4 21. Nxe4 Nxe4 22. Rae1 Ng5 23. Qc3 Qc7 24. f3 Rae8 25. Kg2 e5 26. Rxe5 Rxe5 27. Qxe5 Qxe5 28. Bxe5 g6 29. Bd6 Rf7 30. h4 h5 31. Bxh5 gxh5 32. hxg5 Rf5 33. Bf4 Rc5 34. Rd1 Bc6 35. Rd4 Kf7 36. Kf2 a6 37. Be3 Rf5 38. f4 Ke7 39. Bd2 a5 40. Rd3 b5 41. cxb5 Rxb5 42. Bc3 Be8 43. Bf6+ Kf7 44. Rc3 Rb7 45. Ke3 Bd7 46. Ke4 Kg6 47. Rc5 a4 48. f5+ Kf7 49. Bc3 Rb6 50. g6+ Kf8 51. f6 Re6+ 52. Kf4 Be8 53. Kg5 Re3 54. Be5 h4 55. gxh4 Rd3 56. Rc8 Rd5 57. Kf5 1-0

[Event "2nd Summer Festival Belgrade GM 2019"]
[Site "Belgrade"]
[Date "2019.06.30"]
[Round "10.2"]
[White "Chen, Peng"]
[Black "Strikovic, Aleksa"]
[Result "1-0"]
[ECO "B42"]
[WhiteElo "2328"]
[BlackElo "2503"]
[Annotator "ChessBase"]
[PlyCount "37"]
[EventDate "2019.06.25"]
[EventType "tourn"]
[EventCountry "SRB"]
[SourceTitle "playchess.com"]
[Source "ChessBase"]
[SourceQuality "1"]
[TimeControl "5400+30"]

1. e4 c5 2. Nf3 e6 3. d4 cxd4 4. Nxd4 a6 5. Bd3 Nf6 6. O-O d6 7. Kh1 Nbd7 8. f4 Qc7 9. Nc3 b6 10. Qf3 Bb7 11. Bd2 Be7 12. Rae1 O-O 13. Qh3 Qc5 14. e5 Qxd4 15. Be3 Qb4 16. a3 Qxb2 17. exf6 Nxf6 18. Bd4 g6 19. Ra1 1-0

[Event "2nd Summer Festival Belgrade GM 2019"]
[Site "Belgrade"]
[Date "2019.06.30"]
[Round "10.3"]
[White "Ernst, Sipke"]
[Black "Damljanovic, Branko"]
[Result "0-1"]
[ECO "E60"]
[WhiteElo "2541"]
[BlackElo "2468"]
[Annotator "ChessBase"]
[PlyCount "114"]
[EventDate "2019.06.25"]
[EventType "tourn"]
[EventCountry "SRB"]
[SourceTitle "playchess.com"]
[Source "ChessBase"]
[SourceQuality "1"]
[TimeControl "5400+30"]

1. Nf3 Nf6 2. c4 g6 3. b3 Bg7 4. Bb2 O-O 5. g3 d6 6. d4 a5 7. Nc3 Nc6 8. Bg2 e5 9. d5 Nb4 10. e4 c6 11. dxc6 bxc6 12. O-O Qe7 13. Qd2 Rd8 14. h3 c5 15. Rae1 Nc6 16. Nd5 Qb7 17. Qg5 Ne8 18. Qh4 Be6 19. Bc1 f6 20. g4 a4 21. g5 Bxd5 22. exd5 Ne7 23. gxf6 Nf5 24. f7+ Qxf7 25. Qe4 h6 26. Qd3 Nf6 27. Nh2 axb3 28. axb3 Rab8 29. Bd2 Rb7 30. Ng4 h5 31. Nxf6+ Qxf6 32. Be4 Rf8 33. Kh1 Bh6 34. Bxh6 Nxh6 35. f4 exf4 36. Bxg6 Rg7 37. Re6 Qh4 38. Rf3 Ng4 39. Re2 Qg5 40. hxg4 hxg4 41. Rf1 Rxg6 42. Kg1 Rh6 43. Re6 Qh5 44. Rxh6 Qxh6 45. Qe4 g3 46. Qe6+ Qxe6 47. dxe6 Rf6 48. e7 Kf7 49. Re1 Ke8 50. Kg2 Rf7 51. Kf3 Rxe7 52. Rg1 Rf7 53. Rg2 Kd7 54. Ra2 Rf6 55. Ra7+ Ke6 56. Rg7 Kf5 57. Rg8 Ke5 0-1

[Event "2nd Summer Festival Belgrade GM 2019"]
[Site "Belgrade"]
[Date "2019.06.30"]
[Round "10.4"]
[White "Liu, Zhaoqi"]
[Black "Damjanovic, Vuk"]
[Result "0-1"]
[ECO "A21"]
[WhiteElo "2386"]
[BlackElo "2283"]
[Annotator "ChessBase"]
[PlyCount "126"]
[EventDate "2019.06.25"]
[EventType "tourn"]
[EventCountry "SRB"]
[SourceTitle "playchess.com"]
[Source "ChessBase"]
[SourceQuality "1"]
[TimeControl "5400+30"]

1. c4 e5 2. Nc3 Bb4 3. Nd5 a5 4. Nf3 Nc6 5. a3 Be7 6. d4 d6 7. e3 Nf6 8. Nxe7 Qxe7 9. Be2 O-O 10. O-O a4 11. Bd2 Bg4 12. Bc3 Rfe8 13. Re1 h6 14. Rc1 Ne4 15. d5 Nb8 16. Nd2 Bxe2 17. Qxe2 Nxd2 18. Qxd2 Nd7 19. e4 Nc5 20. Rcd1 Qg5 21. Qe2 Rf8 22. Bb4 Nb3 23. Bc3 Nc5 24. Bb4 Nb3 25. Bc3 f5 26. exf5 Qxf5 27. Rd3 Rf7 28. Rg3 Raf8 29. f3 Kh8 30. h4 b6 31. Rg4 Nc5 32. Rd1 Nb3 33. f4 e4 34. Rf1 Nc5 35. Rg3 Nd3 36. Qe3 Kh7 37. Qd4 Rf6 38. Qe3 Rg6 39. Rxg6 Qxg6 40. g3 Qf5 41. Kg2 Kg8 42. h5 Rf7 43. Qe2 b5 44. cxb5 Qxd5 45. Qe3 Kh7 46. g4 Re7 47. Kg3 Qxb5 48. Rd1 Qc4 49. g5 hxg5 50. fxg5 Nc5 51. g6+ Kg8 52. h6 Qe6 53. Rg1 Qxg6+ 54. Kh4 Qf5 55. Rg5 Qf3 56. Qg1 Qf4+ 57. Kh3 Ne6 58. Rg6 Qf3+ 59. Kh4 e3 60. Bxg7 Qf2+ 61. Qg3 Nxg7 62. Rxg7+ Rxg7 63. hxg7 d5 0-1

[Event "2nd Summer Festival Belgrade GM 2019"]
[Site "Belgrade"]
[Date "2019.06.30"]
[Round "10.5"]
[White "Batsuren, Dambasuren"]
[Black "Salimova, Nurgyul"]
[Result "1/2-1/2"]
[ECO "E05"]
[WhiteElo "2439"]
[BlackElo "2416"]
[Annotator "NA"]
[PlyCount "74"]
[EventDate "2019.06.25"]
[EventType "tourn"]
[EventCountry "SRB"]
[SourceTitle "playchess.com"]
[Source "ChessBase"]
[SourceQuality "1"]
[TimeControl "5400+30"]

1. d4 Nf6 2. Nf3 d5 3. g3 e6 4. Bg2 Be7 5. O-O O-O 6. c4 dxc4 7. Qc2 b6 8. Qxc4 Bb7 9. Bg5 c5 10. Nc3 Nbd7 11. Rfd1 Rc8 12. Qa4 Bc6 13. Qa6 cxd4 14. Nxd4 Bxg2 15. Kxg2 Rc5 16. Bxf6 Qa8+ 17. Kg1 Bxf6 18. Ndb5 Nb8 19. Qa3 a6 20. Rac1 Nc6 21. Nd6 Nd4 22. Rd2 Be5 23. Rcd1 Bxd6 24. Rxd4 Rd5 25. Qb3 Rxd4 26. Rxd4 Bc5 27. Rd3 b5 28. Qd1 Be7 29. a4 b4 30. Nb1 Rc8 31. Nd2 h5 32. h4 Bf6 33. b3 Rc3 34. Nb1 Rc8 35. Nd2 Rc3 36. Nb1 Rc8 37. Nd2 Rc3 1/2-1/2

[Event "2nd Summer Festival Belgrade GM 2019"]
[Site "Belgrade"]
[Date "2019.06.30"]
[Round "10.6"]
[White "Abramovic, Bosko"]
[Black "Lee, Jun Hyeok"]
[Result "0-1"]
[ECO "A86"]
[WhiteElo "2353"]
[BlackElo "2386"]
[Annotator "NA"]
[PlyCount "72"]
[EventDate "2019.06.25"]
[EventType "tourn"]
[EventCountry "SRB"]
[SourceTitle "playchess.com"]
[Source "ChessBase"]
[SourceQuality "1"]
[TimeControl "5400+30"]

1. g3 g6 2. Bg2 Bg7 3. c4 f5 4. Nc3 Nf6 5. d4 O-O 6. Nh3 d6 7. d5 Na6 8. O-O Nc5 9. Nf4 e5 10. dxe6 c6 11. Qc2 g5 12. Nd3 Nxe6 13. e3 h5 14. b3 h4 15. Bb2 hxg3 16. hxg3 Ng4 17. Ne2 Qe8 18. Bxg7 Qh5 19. Rfd1 Nxg7 20. Ne1 f4 21. exf4 Bf5 22. Qd2 Be4 23. f3 Qh2+ 24. Kf1 gxf4 25. gxf4 Nh5 26. Qd4 Rxf4 27. Qg1 Qg3 28. Nxf4 Nxf4 29. fxg4 Bxg2+ 30. Nxg2 Nh3 31. Qe3 Rf8+ 32. Ke2 Qxg2+ 33. Kd3 Rf3 34. Rf1 Nf4+ 35. Kd4 c5+ 36. Ke4 Rxf1+ 0-1

[Event "2nd Summer Festival Belgrade GM 2019"]
[Site "Belgrade"]
[Date "2019.07.01"]
[Round "11.1"]
[White "Lee, Jun Hyeok"]
[Black "Yu, Jennifer"]
[Result "1-0"]
[ECO "D94"]
[WhiteElo "2386"]
[BlackElo "2369"]
[Annotator "ChessBase"]
[PlyCount "65"]
[EventDate "2019.06.25"]
[EventType "tourn"]
[EventCountry "SRB"]
[SourceTitle "playchess.com"]
[Source "ChessBase"]
[SourceQuality "1"]
[TimeControl "5400+30"]

1. Nf3 d5 2. e3 Nf6 3. c4 c6 4. Nc3 g6 5. d4 Bg7 6. Be2 O-O 7. O-O b6 8. a4 a5 9. cxd5 cxd5 10. b3 Nc6 11. Ba3 Bb7 12. Rc1 Rc8 13. Ne5 Nxe5 14. dxe5 Nd7 15. f4 Nc5 16. Nb5 Ba6 17. Nd4 Bb7 18. b4 axb4 19. Bxb4 Rc7 20. a5 Na6 21. Rxc7 Qxc7 22. axb6 Qxb6 23. Bxe7 Re8 24. Bd6 f6 25. Qb1 Qxb1 26. Rxb1 fxe5 27. fxe5 Bc8 28. Rb6 Bxe5 29. Bxa6 Bxd6 30. Rxd6 Bxa6 31. Rxa6 Rxe3 32. Rd6 Kf7 33. Nf3 1-0

[Event "2nd Summer Festival Belgrade GM 2019"]
[Site "Belgrade"]
[Date "2019.07.01"]
[Round "11.3"]
[White "Damjanovic, Vuk"]
[Black "Batsuren, Dambasuren"]
[Result "0-1"]
[ECO "E17"]
[WhiteElo "2283"]
[BlackElo "2439"]
[Annotator "ChessBase"]
[PlyCount "82"]
[EventDate "2019.06.25"]
[EventType "tourn"]
[EventCountry "SRB"]
[SourceTitle "playchess.com"]
[Source "ChessBase"]
[SourceQuality "1"]
[TimeControl "5400+30"]

1. Nf3 Nf6 2. c4 b6 3. g3 Bb7 4. Bg2 e6 5. O-O Be7 6. d4 O-O 7. d5 exd5 8. Nh4 c6 9. cxd5 Nxd5 10. Nf5 Nc7 11. e4 d5 12. Nc3 Nba6 13. Bf4 g6 14. Nxe7+ Qxe7 15. exd5 Nxd5 16. Nxd5 cxd5 17. Re1 Qf6 18. Be5 Qd8 19. Bc3 Nc7 20. Qd4 f6 21. Qa4 Rf7 22. Rad1 Qd6 23. Bb4 Qd7 24. Qb3 Rd8 25. Re2 Qb5 26. Re7 a5 27. Rxf7 Kxf7 28. Qc2 Ne6 29. Bc3 Bc6 30. Qc1 d4 31. Qh6 Bxg2 32. Qxh7+ Ng7 33. Kxg2 Rd5 34. Qh8 dxc3 35. Re1 cxb2 36. Re7+ Kxe7 37. Qxg7+ Ke6 38. Qg8+ Kd7 39. Qf7+ Kc8 40. Qg8+ Kb7 41. Qf7+ Rd7 0-1

[Event "2nd Summer Festival Belgrade GM 2019"]
[Site "Belgrade"]
[Date "2019.07.01"]
[Round "11.4"]
[White "Damljanovic, Branko"]
[Black "Liu, Zhaoqi"]
[Result "1/2-1/2"]
[ECO "B38"]
[WhiteElo "2468"]
[BlackElo "2386"]
[Annotator "ChessBase"]
[PlyCount "66"]
[EventDate "2019.06.25"]
[EventType "tourn"]
[EventCountry "SRB"]
[SourceTitle "playchess.com"]
[Source "ChessBase"]
[SourceQuality "1"]
[TimeControl "5400+30"]

1. Nf3 Nf6 2. c4 c5 3. Nc3 g6 4. d4 cxd4 5. Nxd4 Bg7 6. e4 O-O 7. Be2 d6 8. O-O Nc6 9. Be3 Nxd4 10. Bxd4 Bd7 11. f3 a5 12. b3 Bc6 13. Qd2 Nd7 14. Be3 Nc5 15. Rab1 Qb6 16. Rfc1 Rfc8 17. Rc2 Qb4 18. Qc1 Qb6 19. a3 Qd8 20. Qd1 h5 21. Bf1 Kh7 22. Kh1 Be5 23. b4 axb4 24. axb4 Na4 25. Ne2 Nb6 26. b5 Bd7 27. c5 dxc5 28. Bxc5 Na4 29. Bd4 Bxd4 30. Rxc8 Bxc8 31. Qxd4 Qxd4 32. Nxd4 e5 33. Nc2 Be6 1/2-1/2

[Event "2nd Summer Festival Belgrade GM 2019"]
[Site "Belgrade"]
[Date "2019.07.01"]
[Round "11.5"]
[White "Strikovic, Aleksa"]
[Black "Ernst, Sipke"]
[Result "0-1"]
[ECO "A06"]
[WhiteElo "2503"]
[BlackElo "2541"]
[Annotator "ChessBase"]
[PlyCount "66"]
[EventDate "2019.06.25"]
[EventType "tourn"]
[EventCountry "SRB"]
[SourceTitle "playchess.com"]
[Source "ChessBase"]
[SourceQuality "1"]
[TimeControl "5400+30"]

1. c4 c6 2. Nf3 d5 3. e3 Nf6 4. b3 e6 5. Bb2 Bd6 6. d4 Ne4 7. Bd3 Nd7 8. O-O b6 9. cxd5 exd5 10. Qc2 Ndf6 11. Ne5 c5 12. Bb5+ Kf8 13. f3 Ng5 14. Nd2 Bb7 15. dxc5 bxc5 16. Rad1 h5 17. e4 Qb6 18. Ba4 Qc7 19. f4 Ngxe4 20. Nxe4 Nxe4 21. Rc1 Rh6 22. Bb5 Kg8 23. Bd3 a5 24. Bxe4 dxe4 25. Rfd1 Re8 26. Qc4 Rf6 27. Qb5 Rfe6 28. Bd4 e3 29. Bxe3 Bxe5 30. Rxc5 Bc6 31. fxe5 Rg6 32. Rd2 Rxe5 33. Rdc2 Bxb5 0-1

[Event "2nd Summer Festival Belgrade GM 2019"]
[Site "Belgrade"]
[Date "2019.07.01"]
[Round "11.6"]
[White "Nandhidhaa, P V"]
[Black "Chen, Peng"]
[Result "1/2-1/2"]
[ECO "B56"]
[WhiteElo "2259"]
[BlackElo "2328"]
[Annotator "ChessBase"]
[PlyCount "53"]
[EventDate "2019.06.25"]
[EventType "tourn"]
[EventCountry "SRB"]
[SourceTitle "playchess.com"]
[Source "ChessBase"]
[SourceQuality "1"]
[TimeControl "5400+30"]

1. e4 c5 2. Nf3 d6 3. d4 Nf6 4. Nc3 cxd4 5. Nxd4 Nc6 6. f3 Qb6 7. Nb3 g6 8. Qe2 Bg7 9. Be3 Qd8 10. Qd2 O-O 11. O-O-O a5 12. a3 a4 13. Nd4 Bd7 14. g4 Rc8 15. h4 Ne5 16. h5 Qa5 17. Kb1 Nxf3 18. Nxf3 Rxc3 19. Qxc3 Qxc3 20. bxc3 Bxg4 21. Bg2 Nxe4 22. Rde1 Rc8 23. hxg6 hxg6 24. Bh3 Nxc3+ 25. Kc1 Na2+ 26. Kd2 Bc3+ 27. Kd3 1/2-1/2